Map: 暮色之塔

Players

TIME (Oliveira) - Winner!

  • Race: Terran Terran
  • League: Master

iGiA (iAsonu)

  • Race: Zerg Zerg
  • League: Master

Event: GPL 2015 - Grand Finals

VOD

Have the link to the VOD?

Description

Time

  • Played on: Jan. 25, 2016, 6:25 a.m.
  • Length: 19:02

All games in this series

Show
View Real Time Build Order
Export as new Build Order

TIME Terran - Winner!

Build Orders: Liberator Opening, Reaper Expand, Bio Tank 

Get SALT Encoding   

  12  0:01  SCV  
  13  0:13  SCV  
  14  0:18  Supply Depot  
  14  0:25  SCV  
  15  0:39  SCV  
  15  0:41  Barracks  
  16  0:45  Refinery  
  16  0:51  SCV  
  18  1:04  SCV  
  18  1:16  SCV  
  19  1:28  Orbital Command  
  19  1:29  Reaper  
  20  1:41  Command Center  
  20  1:47  Supply Depot  
  20  1:53  SCV  
  21  2:01  Marine  
  22  2:06  Factory, SCV  
  23  2:12  Refinery  
  23  2:18  SCV  
  24  2:23  Barracks Reactor  
  24  2:30  SCV  
  25  2:42  SCV  
  26  2:54  SCV  
  26  2:55  Orbital Command, Starport  
  27  3:04  Hellion x2  
  31  3:06  SCV  
  31  3:12  Barracks Tech Lab  
  32  3:18  Supply Depot, SCV  
  33  3:22  SCV  
  33  3:25  Hellion x2  
  38  3:30  SCV  
  38  3:31  Medivac  
  41  3:34  SCV  
  41  3:37  Stimpack  
  42  3:42  SCV  
  42  3:46  Hellion x2, Marine  
  42  3:47  Liberator, SCV  
  49  3:52  Supply Depot  
  49  3:54  SCV  
  50  3:59  SCV  
  51  4:08  Supply Depot  
  54  4:14  SCV x2  
  54  4:16  Marine  
  57  4:26  Factory Reactor, SCV x2  
  59  4:37  Command Center  
  59  4:38  Marine  
  60  4:42  SCV x2  
  60  4:44  Barracks  
  60  4:45  Supply Depot  
  62  4:49  Barracks  
  62  4:54  SCV  
  62  4:56  Engineering Bay  
  62  4:57  Engineering Bay, SCV  
  63  5:01  Refinery  
  63  5:02  Refinery  
  63  5:06  Marine  
  63  5:07  SCV  
  65  5:10  SCV  
  65  5:12  Starport Reactor  
  66  5:19  SCV  
  67  5:24  Terran Infantry Weapons Level 1, Marine  
  67  5:25  Terran Infantry Armor Level 1  
  68  5:31  Factory Reactor, SCV  
  66  5:37  Marine x2  
  66  5:38  Barracks  
  66  5:39  Barracks  
  66  5:40  Combat Shields  
  66  5:41  SCV  
  66  5:42  Marine  
  70  5:44  SCV  
  70  5:47  Marine x2  
  73  5:50  Medivac x2  
  73  5:53  SCV  
  73  5:54  Factory Tech Lab  
  78  5:58  Supply Depot  
  78  6:03  Marauder, SCV, Marine x2  
  78  6:04  Orbital Command  
  83  6:05  SCV  
  83  6:09  Marine x2  
  86  6:15  Siege Tank, SCV  
  86  6:17  SCV  
  91  6:19  Supply Depot  
  91  6:21  Marine  
  92  6:26  Barracks Reactor x2, Armory  
  92  6:27  SCV  
  92  6:31  SCV x2  
  95  6:33  Marine x2  
  95  6:38  Supply Depot, Marine  
  95  6:39  SCV  
  97  6:49  Marine x2  
  97  6:50  Siege Tank  
  97  6:51  Medivac x2, Marine x2  
  97  6:52  SCV  
  106  7:00  Marine  
  105  7:02  Marine x2  
  105  7:03  Marine x2  
  105  7:04  SCV x2  
  105  7:08  SCV  
  112  7:09  Supply Depot  
  112  7:10  Marine  
  112  7:13  Marine  
  112  7:15  Marine  
  112  7:16  SCV  
  112  7:17  Marine  
  112  7:19  SCV  
  112  7:20  SCV  
  112  7:22  Terran Infantry Weapons Level 2, Terran Infantry Armor Level 2  
  117  7:23  Supply Depot, Refinery x2  
  117  7:29  Marine x3  
  117  7:36  Marine x3  
  117  7:37  Siege Tank, Marine x2  
  120  7:40  Supply Depot  
  120  7:44  SCV x2, Marine  
  127  7:45  Supply Depot  
  127  7:47  Marine x2  
  127  7:49  Marine  
  131  7:51  Medivac x2  
  131  7:54  Marine x2  
  131  7:58  Marine x2  
  139  7:59  Marine  
  139  8:01  SCV x2, Marine  
  139  8:04  Marine  
  139  8:05  Factory  
  142  8:06  Marine  
  143  8:14  Marine  
  143  8:15  Marine  
  143  8:17  Marine  
  146  8:20  SCV, Marine  
  146  8:23  Marine x2  
  146  8:24  Marine  
  146  8:25  Siege Tank  
  149  8:29  Marine x2  
  149  8:33  Marine  
  152  8:34  Marine  
  152  8:35  SCV  
  152  8:36  Marine  
  152  8:39  Marine  
  152  8:42  Marine  
  152  8:44  Marine  
  152  8:45  Marine  
  152  8:46  Marine  
  131  8:52  Marine x3  
  121  8:57  Siege Tank, Marine  
  121  8:58  Marine  
  121  9:00  Marine  
  121  9:01  Marine  
  115  9:03  Marine  
  115  9:04  Medivac x2, Marine  
  119  9:10  Factory Tech Lab, Marine x2  
  119  9:15  Marine  
  123  9:17  Liberator x2, Command Center  
  123  9:27  Ghost Academy  
  123  9:30  Siege Tank x2  
  128  9:33  Marine x3  
  128  9:37  Barracks Tech Lab  
  137  9:40  Barracks Tech Lab  
  137  9:43  Marauder, Marine  
  140  9:46  Terran Infantry Weapons Level 3  
  140  9:47  Supply Depot  
  140  9:50  Terran Infantry Armor Level 3  
  140  9:53  Terran Ship Weapons Level 1  
  140  9:58  Marauder  
  140  9:59  Marauder  
  144  10:06  Siege Tank x2, Ghost  
  152  10:19  Marine  
  152  10:20  Marauder  
  152  10:21  Marauder, Marine  
  141  10:29  Marine x2  
  141  10:34  Ghost  
  145  10:37  Marine  
  145  10:39  Marine  
  145  10:40  Liberator x2, Ghost  
  147  10:50  Marine x2  
  147  10:54  Ghost  
  149  10:58  Siege Tank, Marine x2  
  149  10:59  SCV x2  
  149  11:00  SCV  
  163  11:06  Command Center  
  163  11:12  Marine  
  163  11:13  Ghost  
  166  11:22  Refinery, Ghost, Marine x3  
  166  11:25  Planetary Fortress  
  171  11:26  SCV  
  171  11:27  Refinery  
  171  11:30  Personal Cloaking  
  172  11:36  Ghost  
  172  11:39  Marine x2  
  175  11:40  SCV  
  177  11:49  Ghost  
  177  11:50  Marine x2  
  181  11:55  Ghost  
  181  11:57  Liberator  
  183  12:04  Liberator, Ghost  
  185  12:09  Siege Tank  
  185  12:14  Marine x3  
  194  12:16  Terran Ship Weapons Level 2  
  194  12:17  Barracks  
  194  12:18  Barracks x2  
  197  12:27  Ghost  
  199  12:45  Liberator  
  199  12:50  Liberator  
  179  13:00  Ghost x3  
  179  13:02  Siege Tank  
  191  13:05  Starport  
  191  13:12  SCV x3  
  197  13:13  SCV  
  197  13:17  Barracks Reactor  
  197  13:18  Barracks Tech Lab x2  
  198  13:24  Sensor Tower  
  198  13:29  Marine x2  
  200  13:39  Sensor Tower  
  197  13:58  Marine x2  
  197  14:01  Marine x2  
  198  14:07  Marine  
  198  14:08  Marine  
  200  14:13  Refinery  
  200  14:16  Planetary Fortress, Refinery  
  197  14:19  Marine x2  
  184  14:45  Marine  
  184  14:51  Starport Tech Lab  
  157  14:56  Liberator x2  
  157  14:58  Marine  
  157  14:59  Marauder, Marine x3  
  138  15:09  Ghost  
  138  15:12  Ghost  
  146  15:17  Siege Tank  
  146  15:18  Siege Tank, Marine x3  
  146  15:19  SCV  
  154  15:26  Ghost  
  154  15:28  Marine x2  
  156  15:29  Liberator, SCV x2  
  156  15:37  Marine x2  
  156  15:38  Ghost, Marine x2  
  156  15:41  Ghost  
  159  15:48  SCV  
  159  15:49  Orbital Command  
  163  15:55  Ghost  
  163  15:56  SCV  
  163  16:10  Marine  
  163  16:12  Marine x4  
  163  16:13  SCV x2  
  163  16:15  Marine  
  169  16:20  Ghost  
  169  16:22  Siege Tank  
  169  16:25  Ghost  
  168  16:30  Siege Tank  
  151  16:36  Marine x4  
  151  16:38  SCV  
  151  16:39  Marine  
  153  16:40  Marine x2  
  153  17:16  Ghost  
  153  17:17  SCV x3, Marine x2  
  153  17:18  Marine x3  
  153  17:22  Marauder, Marine  
  126  17:23  Marine  
  126  17:29  SCV x3  
  121  17:35  Marine x2  
  121  17:36  Marine x3  
  126  17:39  Marine, Command Center  
  126  17:41  SCV  
  126  17:42  Marauder  
  130  17:47  Marine x2  
  130  17:49  SCV  
  130  17:50  SCV  
  133  17:52  Marine  
  133  17:53  SCV, Marine  
  133  17:54  Reaper, Marine  
  138  17:59  Marine  
  138  18:01  SCV  
  138  18:02  SCV  
  141  18:09  SCV  
  137  18:15  SCV  
  137  18:18  Marine x2  
  114  18:22  Marine x2  
  114  18:23  Marine x4  
  114  18:24  Medivac  
  114  18:25  SCV  
  118  18:31  SCV  
  115  18:40  Marine  
  116  18:47  SCV  
Show
View Real Time Build Order
Export as new Build Order

iGiA Zerg 

Build Orders: Hatch First 

Get SALT Encoding   

  12  0:01  Drone  
  13  0:12  Overlord  
  13  0:17  Drone  
  14  0:31  Drone  
  14  0:32  Drone  
  14  0:35  Drone  
  17  0:52  Hatchery  
  17  0:55  Drone  
  17  1:08  Spawning Pool  
  17  1:10  Drone  
  17  1:13  Drone  
  17  1:16  Extractor  
  17  1:18  Drone  
  18  1:30  Drone  
  19  1:40  Overlord  
  19  1:49  Drone  
  20  1:55  Queen  
  20  2:00  Zergling x2  
  23  2:03  Queen  
  23  2:04  Drone  
  26  2:11  Overlord  
  26  2:15  Drone  
  26  2:16  Metabolic Boost  
  26  2:21  Drone  
  27  2:31  Queen  
  27  2:36  Drone  
  30  2:38  Drone  
  30  2:39  Queen  
  30  2:40  Drone  
  34  2:45  Overlord  
  35  2:51  Drone  
  35  2:55  Zergling x2  
  36  2:59  Zergling x2  
  36  3:04  Drone x2  
  39  3:06  Drone  
  39  3:07  Drone  
  39  3:11  Drone  
  42  3:13  Drone  
  42  3:16  Drone x2  
  42  3:19  Overlord  
  45  3:28  Drone  
  45  3:31  Drone  
  45  3:32  Hatchery  
  46  3:36  Drone, Roach Warren  
  46  3:37  Extractor  
  46  3:40  Drone  
  46  3:43  Drone x2  
  46  3:47  Drone  
  49  3:52  Overlord  
  49  3:54  Drone x2  
  49  3:55  Drone  
  52  3:57  Zergling x2  
  53  4:06  Extractor  
  53  4:08  Overlord  
  52  4:10  Queen  
  52  4:12  Zergling x2  
  52  4:16  Zergling x4  
  57  4:20  Drone  
  58  4:24  Drone  
  58  4:26  Drone, Overlord  
  60  4:35  Roach x3  
  66  4:41  Roach  
  66  4:42  Evolution Chamber, Overlord  
  66  4:43  Evolution Chamber  
  66  4:45  Drone  
  67  4:46  Drone x2  
  67  4:47  Drone  
  67  4:50  Drone  
  72  4:52  Drone  
  72  4:54  Drone  
  72  4:59  Overlord  
  72  5:02  Drone  
  72  5:05  Drone  
  74  5:09  Drone  
  74  5:12  Ravager  
  74  5:13  Ravager x2  
  79  5:14  Drone  
  79  5:17  Zerg Melee Weapons Level 1, Zerg Ground Armor Level 1  
  79  5:18  Spore Crawler, Drone x2  
  80  5:22  Drone  
  80  5:25  Drone  
  82  5:29  Drone  
  82  5:31  Drone, Overlord  
  82  5:34  Drone x2  
  86  5:36  Hatchery, Drone, Lair  
  86  5:37  Drone  
  86  5:41  Drone x2  
  89  5:46  Drone x4  
  89  5:48  Pneumatized Carapace  
  89  5:49  Drone x2  
  95  5:50  Drone  
  95  5:52  Extractor x2  
  95  5:56  Extractor  
  93  5:59  Drone x3  
  93  6:00  Drone x2  
  98  6:04  Overlord  
  98  6:25  Zergling x8  
  99  6:26  Zergling x14  
  99  6:30  Overlord  
  99  6:31  Spore Crawler  
  99  6:32  Spore Crawler  
  107  6:46  Glial Reconstitution  
  104  6:47  Infestation Pit  
  104  6:51  Baneling Nest  
  104  6:53  Zergling x20  
  100  7:01  Zergling x2  
  100  7:02  Zergling x16  
  100  7:03  Hatchery  
  108  7:09  Overlord  
  108  7:14  Zergling x12  
  114  7:28  Hive  
  114  7:29  Pathogen Glands  
  113  7:36  Drone x3  
  116  7:41  Centrifical Hooks  
  116  7:43  Zergling x18  
  116  7:44  Zergling x4  
  127  7:45  Overlord  
  127  7:49  Baneling x2  
  127  7:50  Baneling x3  
  127  8:02  Zergling x2  
  127  8:04  Overlord  
  128  8:07  Overlord  
  128  8:10  Baneling x4  
  128  8:11  Baneling  
  128  8:13  Overlord  
  128  8:16  Zergling x10  
  128  8:17  Zergling x2  
  128  8:19  Zerg Ground Armor Level 2, Zerg Melee Weapons Level 2  
  131  8:22  Baneling x7  
  131  8:23  Overlord  
  129  8:27  Zergling x20  
  129  8:30  Overseer  
  138  8:36  Zergling x14  
  141  8:46  Zergling x10  
  129  8:55  Ultralisk Cavern  
  125  8:58  Zergling x18  
  125  8:59  Infestor x3  
  134  9:07  Adrenal Glands  
  132  9:11  Drone x2  
  132  9:16  Spore Crawler  
  133  9:17  Overseer, Spine Crawler  
  133  9:21  Baneling x6  
  131  9:24  Zergling x2  
  131  9:25  Zergling x14  
  131  9:26  Baneling  
  131  9:27  Baneling x3  
  139  9:33  Zergling x20  
  139  9:37  Baneling x3  
  149  9:41  Drone  
  149  9:42  Queen  
  149  9:43  Extractor  
  151  9:47  Ultralisk  
  151  9:51  Infestor  
  159  9:53  Drone x3  
  159  9:58  Zergling x6  
  159  9:59  Zergling x2  
  166  10:03  Overlord  
  166  10:05  Overlord x2  
  162  10:19  Overlord  
  162  10:22  Ultralisk Cavern  
  160  10:34  Overlord  
  160  10:35  Drone x2  
  162  10:42  Zergling x16  
  168  10:55  Zerg Melee Weapons Level 3, Zerg Ground Armor Level 3  
  168  10:56  Drone  
  167  10:58  Spire  
  165  11:12  Ultralisk x4  
  165  11:13  Chitinous Plating  
  189  11:19  Zergling x8  
  189  11:20  Zergling x6  
  189  11:22  Burrow  
  196  11:27  Drone, Overlord  
  197  11:33  Hatchery  
  195  12:00  Extractor  
  194  12:10  Ultralisk  
  200  12:20  Baneling x2  
  200  12:21  Baneling x12  
  200  12:31  Greater Spire  
  200  12:38  Baneling x4  
  200  13:02  Baneling x2  
  200  13:04  Overseer, Overlord  
  193  13:05  Overseer  
  193  13:07  Overseer  
  193  13:13  Corruptor  
  193  13:15  Overlord x2  
  195  13:21  Nydus Network  
  195  13:22  Drone x2  
  196  13:34  Overlord  
  196  13:39  Spine Crawler  
  196  13:41  Spore Crawler, Spine Crawler  
  193  13:43  Spine Crawler  
  193  13:48  Zerg Flyer Weapons Level 1, Corruptor x3  
  192  13:52  Hatchery  
  195  13:57  Baneling  
  195  13:58  Baneling  
  195  14:01  Nydus Canal  
  195  14:29  Corruptor x3  
  190  14:42  Nydus Canal  
  164  14:48  Corruptor x5  
  164  14:49  Corruptor  
  151  14:56  Zergling x2, Ultralisk x2  
  151  14:57  Zergling x22  
  170  15:02  Ultralisk  
  170  15:03  Ultralisk x2  
  170  15:05  Corruptor  
  155  15:14  Nydus Canal  
  155  15:19  Ultralisk  
  152  15:30  Zergling x2  
  152  15:31  Zergling x20  
  161  15:44  Nydus Canal  
  161  15:45  Drone x2  
  161  15:46  Zergling x2  
  161  15:47  Extractor x2, Zergling x18  
  167  15:56  Zergling x14  
  167  15:57  Zergling x4  
  160  16:05  Corruptor x4  
  166  16:13  Baneling x9  
  166  16:15  Zergling x14  
  170  16:19  Ultralisk  
  170  16:25  Zergling x18  
  175  16:28  Ultralisk  
  176  16:35  Corruptor x2  
  172  16:49  Corruptor x2  
  172  16:51  Zergling x16  
  184  16:57  Zergling x6  
  184  17:00  Baneling x3  
  176  17:18  Zergling x2, Ultralisk  
  176  17:19  Zergling x4  
  123  17:23  Zergling x6  
  114  17:30  Baneling x8  
  114  17:37  Baneling  
  114  17:38  Baneling x3  
  109  17:47  Zergling x4, Ultralisk  
  115  17:51  Zergling x2  
  115  17:52  Zergling x4  
  115  17:56  Zergling x6  
  116  18:02  Zergling x2  
  116  18:03  Zergling x6  
  116  18:05  Zergling x4  
  113  18:16  Zergling x2  
  113  18:17  Zergling x12  
  94  18:41  Zergling x6  
Tags
 
Add a new tag
Caveats
  • Supply blocks, unpowered buildings, or Contaminate may cause inaccurate times.
  • Supply counts are checked every 10 seconds.